 Dungeon Crawl Stone Soup version 0.30-a0-777-ga9a30cbeda (webtiles) character file.

Game seed: 8360635497114357492

29874 HammerPanzer the Executioner (level 13, -27/113 HPs)
             Began as a Minotaur Berserker on Feb 14, 2023.
             Was an Elder of Trog.
             Annihilated by an enormous slime creature (78 damage)
             ... on level 14 of the Dungeon.
             The game lasted 00:39:06 (13559 turns).

HammerPanzer the Executioner (Minotaur Berserker)  Turns: 13559, Time: 00:39:07

Health: -27/113    AC: 19    Str: 27    XL:     13   Next: 17%
Magic:  12/12      EV:  6    Int:  4    God:    Trog [****..]
Gold:   861        SH:  9    Dex: 10    Spells: 12/12 levels left

rFire   . . .      SeeInvis .    I - +0 demon whip (venom)
rCold   . . .      Faith    .    H - +0 kite shield
rNeg    + . .      Spirit   .    q - +0 plate armour
rPois   +          Reflect  .    (helmet restricted)
rElec   .          Harm     .    (no cloak)
rCorr   .          Rampage  .    A - +2 pair of gloves
Will    .....                    w - +1 pair of boots Stlth
                                 E - amulet of regeneration
HPRegen 1.18/turn                o - ring "Sukhlouno" {rPois Stlth+}
MPRegen 0.13/turn                l - ring of positive energy

@: on berserk cooldown, slowed, very slow
A: horns 2, retaliatory headbutt
a: Renounce Religion, Berserk, Trog's Hand, Brothers in Arms


You were on level 14 of the Dungeon.
You worshipped Trog.
Trog was greatly pleased with you.
You visited 1 branch of the dungeon, and saw 14 of its levels.

You collected 897 gold pieces.
You spent 36 gold pieces at shops.

Inventory:

Hand Weapons
 a - a +1 hand axe of freezing
 b - a +0 sling
 C - a +0 war axe of protection
 I - a +0 demon whip of venom (weapon)
Missiles
 k - 8 curare-tipped darts
 p - 77 poisoned darts (quivered)
 r - a throwing net
Armour
 q - a +0 plate armour (worn)
 w - a +1 pair of boots (worn)
 A - a +2 pair of gloves (worn)
 H - a +0 kite shield (worn)
Jewellery
 c - a ring of flight
 l - a ring of positive energy (right hand)
 o - the ring "Sukhlouno" (left hand) {rPois Stlth+}
   (You found it on level 6 of the Dungeon)

   [ring of poison resistance]

   rPois:     It protects you from poison.
   Stlth:     It makes you more stealthy.
 y - a ring of protection from fire
 E - an amulet of regeneration (around neck)
 F - a +4 ring of protection
 J - an amulet of reflection
Wands
 u - a wand of flame (54)
 x - a wand of charming (10)
 D - a wand of polymorph (7)
Scrolls
 d - 6 scrolls of identify
 s - 8 scrolls of teleportation
 v - a scroll of enchant armour
 B - 2 scrolls of blinking
Potions
 e - a potion of invisibility
 f - 4 potions of curing
 g - 2 potions of haste
 i - a potion of might
 j - a potion of attraction
 m - 2 potions of resistance
 n - a potion of cancellation
 t - 3 potions of lignification
 z - a potion of heal wounds
 G - 3 potions of mutation
 L - 2 potions of flight
Miscellaneous
 h - a tin of tremorstones (2/2)
 K - a phantom mirror


   Skills:
 + Level 9.8 Fighting
 - Level 21.9(22.1) Axes
 - Level 4.6(15.2) Maces & Flails
 + Level 8.0 Armour
 - Level 2.1 Dodging
 + Level 7.4 Shields


You had 12 spell levels left.
You didn't know any spells.
Your spell library was empty.

Dungeon Overview and Level Annotations

Branches:
Dungeon (14/15)            Temple (0/1) D:5            Lair (0/5) D:8
    Orc (0/2) D:9          Vaults (0/5) D:13

Altars:
Ashenzari
Dithmenos
Elyvilon
Gozag
Hepliaklqana
Kikubaaqudgha
Makhleb
Nemelex Xobeh
Okawaru
Ru
Sif Muna
Uskayaw
Wu Jian
Yredelemnul

Shops:
D:2 *   D:3 *   D:12 *

Annotations:
D:9 3 runed translucent doors
D:10 3 runed translucent doors, Crownlay's ghost, journeyman HOFE


Innate Abilities, Weirdness & Mutations

You have a pair of horns on your head.
You reflexively headbutt those who attack you in melee.


Message History

You headbutt the enormous slime creature.
The enormous slime creature is heavily wounded.
You block the enormous slime creature's attack.
You feel much better.
You block the enormous slime creature's attack.
You hit the enormous slime creature but do no damage.
The enormous slime creature is poisoned.
Your headbutt misses the enormous slime creature.
The enormous slime creature is heavily wounded.
The enormous slime creature hits you!!
You barely miss the enormous slime creature.
The enormous slime creature is heavily wounded.
The enormous slime creature barely misses you.
You thrash the enormous slime creature!!
Your headbutt misses the enormous slime creature.
The enormous slime creature is heavily wounded.
The enormous slime creature hits you.
You feel much better. The enormous slime creature hits you.
The enormous slime creature closely misses you.
You whack the enormous slime creature!
The enormous slime creature looks as sick as possible!
You headbutt the enormous slime creature!
The enormous slime creature is severely wounded.
You block the enormous slime creature's attack.
You hit the enormous slime creature.
The enormous slime creature is severely wounded.
The enormous slime creature hits you!
You whack the enormous slime creature!
Your headbutt misses the enormous slime creature.
The enormous slime creature is severely wounded.
The enormous slime creature barely misses you.
You whack the enormous slime creature!
You headbutt the enormous slime creature!
The enormous slime creature is almost dead.
The enormous slime creature hits you!!!
* * * LOW HITPOINT WARNING * * *
You feel much better.
The enormous slime creature hits you!!!!
Ouch! That really hurt!
You die...

###########
..........#
~~~~≈≈~~~.#
≈≈≈≈≈≈≈≈~(###
≈≈≈≈≈≈≈≈J.'.#
~~~~~~J≈~.#J#
.......J).#@#
###########.#####.#
####......... #
#......###...
#.###.##.###
#........#
#........#
#.###.#.## # #.#.#


You could see an enormous slime creature (very poisoned).

Vanquished Creatures
  2 centaur warriors (D:13)
  A hydra (D:14)
  5 two-headed ogres
  A deep elf knight (D:13)
  Amaemon (D:9)
  A skeletal warrior (D:13)
  A deep troll (shapeshifter) (D:13)
  A deep elf zephyrmancer (D:13)
  3 deep elf pyromancers
  4 manticores
  7 cyclopes
  3 centaur skeletons (D:13)
  An orange demon (D:9)
  A gargoyle (D:11)
  An unseen horror (D:10)
  Maggie (D:9)
  6 kobold demonologists
  A komodo dragon (D:10)
  3 yaktaurs (D:13)
  2 trolls (D:9)
  Grinder (D:5)
  A queen bee (shapeshifter) (D:12)
  5 slime creatures
  A vampire (D:9)
  3 wraiths
  2 shadows
  24 yaks
  4 wyverns
  7 vampire mosquitoes (D:13)
  3 swamp worms (D:7)
  2 acid dragons
  4 orc warriors
  3 ogres
  7 centaurs
  A phantom (D:5)
  11 kobold brigands
  2 bullfrogs
  2 scorpions
  4 gnoll sergeants
  7 wights
  9 killer bees
  7 howler monkeys
  3 electric eels (D:4)
  A crimson imp (D:9)
  7 orc priests
  3 hounds
  A jelly (D:5)
  3 gnoll boudas
  7 orc wizards
  A boggart skeleton (D:13)
  27 gnolls
  4 adders
  A shadow imp (D:7)
  3 white imps
  An ufetubus (D:5)
  2 worms
  3 dart slugs
  22 orcs
  6 ball pythons
  6 endoplasms
  2 giant cockroaches (D:1)
  7 hobgoblins
  3 jackals (D:1)
  7 quokkas
  2 bats
  3 frilled lizards
  7 goblins
  39 kobolds
  7 rats
  A spectral hobgoblin (D:5)
335 creatures vanquished.

Vanquished Creatures (others)
  6 plants
6 creatures vanquished.

Grand Total: 341 creatures vanquished

Notes
Turn   | Place    | Note
-------+----------+-------------------------------------------
     0 | D:1      | HammerPanzer the Minotaur Berserker began the quest for the
                  | Orb.
     0 | D:1      | Reached XP level 1. HP: 19/19 MP: 0/0
   129 | D:1      | Reached skill level 4 in Axes
   156 | D:1      | Reached XP level 2. HP: 26/26 MP: 1/1
   690 | D:1      | Reached skill level 5 in Axes
   843 | D:2      | Reached XP level 3. HP: 29/31 MP: 2/2
  1045 | D:2      | Found Tuga's Assorted Antiques.
  1053 | D:2      | Bought a scroll of identify for 36 gold pieces
  1058 | D:2      | Reached ** piety under Trog
  1555 | D:3      | Found Axilios's Assorted Antiques.
  1693 | D:3      | Reached XP level 4. HP: 38/39 MP: 3/3
  1695 | D:3      | Reached skill level 6 in Axes
  2161 | D:4      | Noticed an ogre
  2165 | D:4      | Killed an ogre
  2166 | D:4      | Reached skill level 7 in Axes
  2166 | D:4      | Reached XP level 5. HP: 45/45 MP: 4/4
  2379 | D:4      | Found a transporter.
  2390 | D:4      | Found a transporter.
  2599 | D:4      | Noticed an ogre
  2609 | D:4      | Killed an ogre
  2610 | D:4      | Reached skill level 8 in Axes
  2610 | D:4      | Reached XP level 6. HP: 51/51 MP: 5/5
  3122 | D:4      | Reached skill level 9 in Axes
  4109 | D:5      | Entered Level 5 of the Dungeon
  4119 | D:5      | Reached XP level 7. HP: 57/57 MP: 6/6
  4156 | D:5      | Noticed Grinder
  4182 | D:5      | Killed Grinder
  4183 | D:5      | Reached skill level 10 in Axes
  4224 | D:5      | Found a hazy altar of Hepliaklqana.
  4299 | D:5      | Found a staircase to the Ecumenical Temple.
  4388 | D:5      | Reached skill level 11 in Axes
  4730 | D:5      | Reached XP level 8. HP: 64/64 MP: 7/7
  5018 | D:6      | Identified the ring "Sukhlouno" {rPois Stlth+}
  5128 | D:6      | Reached skill level 12 in Axes
  5513 | D:7      | Reached skill level 13 in Axes
  5671 | D:7      | Reached *** piety under Trog
  5701 | D:7      | Noticed a two-headed ogre
  5714 | D:7      | Killed a two-headed ogre
  5715 | D:7      | Reached skill level 14 in Axes
  5715 | D:7      | Reached XP level 9. HP: 70/70 MP: 8/8
  5992 | D:7      | Reached skill level 15 in Axes
  6295 | D:7      | You fall into a shaft and drop 3 floors!
  6295 | D:10     | Entered Level 10 of the Dungeon
  6306 | D:9      | Found a staircase to the Orcish Mines.
  6340 | D:9      | Reached skill level 16 in Axes
  6422 | D:9      | Reached skill level 17 in Axes
  6485 | D:9      | Found a runed translucent gate.
  6485 | D:9      | Noticed a cyan ugly thing
  6492 | D:8      | Found a white marble altar of Elyvilon.
  6624 | D:7      | Found an ancient bone altar of Kikubaaqudgha.
  6791 | D:7      | Reached XP level 10. HP: 77/77 MP: 9/9
  6897 | D:8      | Found a staircase to the Lair.
  6920 | D:8      | Noticed a two-headed ogre
  6930 | D:8      | Killed a two-headed ogre
  7045 | D:8      | Found a basalt altar of Yredelemnul.
  7194 | D:8      | Reached skill level 18 in Axes
  7195 | D:8      | Reached **** piety under Trog
  7326 | D:8      | Found a hide-covered altar of Uskayaw.
  7327 | D:8      | Found a burning altar of Makhleb.
  7327 | D:8      | Found an opulent altar of Gozag.
  7328 | D:8      | Found a broken altar of Ashenzari.
  7329 | D:8      | Found an iron altar of Okawaru.
  7330 | D:8      | Found a sparkling altar of Nemelex Xobeh.
  7331 | D:8      | Found a sacrificial altar of Ru.
  7567 | D:9      | Noticed Maggie
  7575 | D:9      | Killed Maggie
  7625 | D:9      | Noticed a manticore
  7692 | D:9      | Reached skill level 19 in Axes
  7702 | D:9      | Killed a manticore
  7957 | D:9      | Reached XP level 11. HP: 69/82 MP: 10/10
  8108 | D:9      | Reached skill level 20 in Axes
  8150 | D:9      | Found a runed translucent gate.
  8151 | D:9      | Found a runed translucent gate.
  8151 | D:9      | Noticed a brown ugly thing
  8151 | D:9      | Noticed a purple ugly thing
  8152 | D:9      | Noticed a purple ugly thing
  8152 | D:9      | Noticed a red ugly thing
  8155 | D:9      | a black mamba changed into a harpy
  8155 | D:9      | Noticed a harpy (glowing shapeshifter)
  8156 | D:9      | a harpy changed into a human
  8192 | D:9      | Noticed Amaemon
  8205 | D:9      | Killed Amaemon
  8603 | D:9      | Noticed a shadow dragon
  8604 | D:9      | a shadow dragon changed into an acid blob
  8604 | D:9      | Noticed an acid blob (glowing shapeshifter)
  8606 | D:9      | an acid blob changed into an iron dragon
  8606 | D:9      | Noticed an iron dragon (glowing shapeshifter)
  8678 | D:10     | Found an ornate altar of the Wu Jian Council.
  8738 | D:10     | Found a runed translucent gate.
  8738 | D:10     | Found a runed translucent gate.
  8738 | D:10     | Found a runed translucent gate.
  9331 | D:10     | Found a shadowy altar of Dithmenos.
  9331 | D:10     | Found a shimmering blue altar of Sif Muna.
  9356 | D:10     | Noticed Crownlay's ghost (journeyman HOFE)
  9912 | D:11     | Reached skill level 21 in Axes
 10536 | D:12     | Found an opulent altar of Gozag.
 10539 | D:12     | Found Gozag's Platinum Reserve.
 10622 | D:12     | Noticed a deep elf pyromancer
 10638 | D:12     | Killed a deep elf pyromancer
 10804 | D:12     | Reached skill level 1 in Shields
 10876 | D:12     | Noticed a two-headed ogre
 10887 | D:12     | Killed a two-headed ogre
 10972 | D:12     | Reached XP level 12. HP: 92/92 MP: 11/11
 11211 | D:12     | Reached skill level 5 in Fighting
 11874 | D:12     | Noticed a two-headed ogre
 11884 | D:12     | Killed a two-headed ogre
 12008 | D:13     | Reached skill level 5 in Armour
 12115 | D:13     | Reached skill level 5 in Shields
 12380 | D:13     | Reached skill level 1 in Maces & Flails
 12452 | D:13     | Noticed a centaur warrior
 12465 | D:13     | Killed a centaur warrior
 12529 | D:13     | Found a gate to the Vaults.
 12841 | D:13     | Noticed a centaur warrior
 12842 | D:13     | Noticed a two-headed ogre
 12852 | D:13     | Killed a two-headed ogre
 12854 | D:13     | Killed a centaur warrior
 12855 | D:13     | Reached XP level 13. HP: 85/111 MP: 12/12
 13559 | D:14     | Annihilated by an enormous slime creature

Illustrated notes

Levels and vault maps discovered:
D:1:      saegor_arrival_simple_c, layout_loops_ring, serial_bayou_pond_d,
          minmay_ruptured
D:2:      layout_basic, serial_shops, shop
D:3:      layout_basic, serial_shops, shop
D:4:      gammafunk_steamed_eel, layout_basic
D:5:      layout_rooms, nicolae_hepliaklqana_monster_ancestors,
          minmay_temple_entry_crystal_x, serial_rivers,
          chequers_serial_rivers_large_a, chequers_serial_rivers_micro_a,
          chequers_serial_rivers_small_b, chequers_serial_rivers_large_b,
          chequers_serial_rivers_micro_e, uniq_grinder
D:6:      layout_rooms
D:7:      layout_basic, mainiacjoe_overflow_alcove_2, worms_lemuel
D:8:      layout_cave_pools, kennysheep_ying_yang, minitemple,
          serial_column_ruins, column_ruins_open_medium, column_ruins_grid_2,
          column_ruins_grid_1, column_ruins_columns_straight,
          chequers_serial_rivers_micro_d, minmay_misc_feat_room
D:9:      minmay_clustersquares, layout_gridville, orc_0_dummy,
          ploomutoo_gammafunk_ghost_potion_laboratory, minmay_fire_ice_demons,
          uniq_maggie, uniq_amaemon
D:10:     layout_loops_ring, overflow_temple_1_default,
          gammafunk_temple_overflow_statue, gammafunk_ghost_icy
D:11:     layout_big_octagon, minivault_4
D:12:     layout_gridville, nicolae_gozag_zags_fifth_avenue
D:13:     layout_irregular_city, hangedman_vaults_entry_quadrant_bands
D:14:     layout_loops_corners, nrook_pool_corridor, corexii_checkpoint_a,
          kennysheep_crisscross

Skill      XL: |  1  2  3  4  5  6  7  8  9 10 11 12 13 |
---------------+----------------------------------------+-----
Axes           | 4 5 7 8 9 11 14 17 19 21 | 21.9
Shields        | 2 6 7 |  7.4
Fighting       | 4 9 |  9.8
Armour         | 3 7 8 |  8.0
Maces & Flails | 4 |  4.6
Dodging        | |  2.1

Action                     |  1- 3 |  4- 6 |  7- 9 | 10-12 | 13-15 || total
---------------------------+-------+-------+-------+-------+-------++-------
  Melee: Hand axe          |   101 |    65 |   119 |       |       ||   285
         Headbutt          |    19 |     6 |    38 |   119 |    18 ||   200
         Punch             |     1 |       |     1 |       |       ||     2
         War axe           |       |       |    84 |   543 |    29 ||   656
         Demon whip        |       |       |       |       |    38 ||    38
   Fire: Sling             |     6 |       |       |       |       ||     6
  Throw: Dart              |       |    14 |     4 |    17 |    11 ||    46
 Invoke: Berserk           |     1 |     3 |    12 |    24 |     3 ||    43
  Evoke: Wand              |       |     3 |       |       |       ||     3
    Use: Scroll            |     3 |     4 |    14 |     8 |     1 ||    30
         Potion            |       |       |       |     1 |     4 ||     5
   Stab: Distracted        |       |       |     1 |       |       ||     1
 Armour: Animal skin       |     5 |       |       |       |       ||     5
         Leather armour    |    15 |     1 |       |       |       ||    16
         Plate armour      |       |    25 |   112 |   340 |    42 ||   519
  Dodge: Dodged            |    51 |    18 |    45 |   126 |    17 ||   257
  Block: Buckler           |       |       |    17 |    33 |       ||    50
         Kite shield       |       |       |       |    61 |    29 ||    90

Table legend: (Time is in decaauts)
 A = Elapsed time spent in this place.
 B = Non-inter-level travel time spent in this place.
 C = Inter-level travel time spent in this place.
 D = Time resting spent in this place.
 E = Time spent auto-exploring this place.
 F = Levels seen in this place.
 G = Mean time per level.
                   A        B        C        D        E       F      G
               +--------+--------+--------+--------+--------+-----+--------+
         Total |  13793 |  13429 |    364 |   3637 |   7117 |  14 |  985.2 |
       Dungeon |  13793 |  13429 |    364 |   3637 |   7117 |  14 |  985.2 |
               +--------+--------+--------+--------+--------+-----+--------+

Top non-repeatable levels by time:
     D:4: 2023 daAuts
    D:12: 1487 daAuts
    D:13: 1422 daAuts
     D:9: 1377 daAuts
    D:10: 1080 daAuts
     D:7: 1049 daAuts
     D:5: 975 daAuts
     D:1: 852 daAuts
    D:11: 787 daAuts
     D:8: 680 daAuts
     D:2: 636 daAuts
     D:3: 634 daAuts
     D:6: 563 daAuts
    D:14: 222 daAuts
